cohdb
Replays
Latest Replays
All Replays
Popular Replays
Top Player Replays
Match Explorer
How It Works
Community
CoH3 Stats
Reddit
Sign in to upload your games and track your stats! →
Sign in with Steam
Match 41164529
Unlisted
Match 41164529
Overview
Messages
Build Orders
End
Kradschützen Motorcycle Team
Selects Panzerjäger Kommand Battlegroup
Selects Mine Fields
Panzergrenadier Squad
250 Light Carrier
Panzergrenadier Squad
Construct Light Support Kompanie
Panzerpioneer Squad
Selects Tank Busters
Fire Support Elements
Veteran Squad Leaders
Panzerjäger Mechanized Group
Selects Defensive Positions
Construct Panzerarmee Kommand
Pak 38 Anti-tank Gun Team
Selects Butterfly Bomb Drop
Panzergrenadier Squad
Panzerjäger Mechanized Group
Selects Crew Shock Tactics
2.5-tonne Medical Truck
Butterfly Bomb Drop
Selects Anti-tank Overwatch
Armored Reserves
Butterfly Bomb Drop
Tiger Heavy Tank
Panzer III L Medium Tank
Panzer III L Medium Tank
Butterfly Bomb Drop
N7 SHARK
Turtleboy
0
0
Comments
sign in to comment!
No comments posted yet!